ORI
UNIVERSITY OF CONNETICUT HUSKIES @ UNIVERSITY OF MINNESOTA GOLDEN GOPHERS
10/08/2049
 
TOP OF THE 1ST
University of Conneticut Huskies batting - Pitching for University of Minnesota Golden Gophers : RHP Danny Colon
Pitching: RHP Danny Colon
Batting: RHB Jordan Nicholas 0-0: Ball
1-0: Called Strike
1-1: Ball
2-1: Swinging Strike
2-2: SINGLE (Line Drive, 56, EV 99.4 MPH)
Batting: RHB Victor Ramos 0-0: Ball
1-0: Called Strike
1-1: Called Strike
Jordan Nicholas is caught stealing 2nd base 2-4
1-2: Ball
2-2: Strikes out swinging
Batting: RHB Phil Hilton 0-0: Ball
1-0: Foul Ball, location: 2F
1-1: Ball
2-1: Ball
3-1: Foul Ball, location: 2F
3-2: Ground out 1-3 (Groundball, 13S, EV 70.0 MPH)
Top of the 1st over - 0 runs, 1 hit, 0 errors, 0 left on base; University of Conneticut 0 - University of Minnesota 0
BOTTOM OF THE 1ST
University of Minnesota Golden Gophers batting - Pitching for University of Conneticut Huskies : RHP Dave Cobos
Pitching: RHP Dave Cobos
Batting: LHB Bobby Agterberg 0-0: Ground out 5-3 (Groundball, 56, EV 101.9 MPH)
Batting: RHB Jian-zhang Zhào 0-0: SINGLE (Groundball, 4MD, EV 109.4 MPH)
Batting: RHB Tommy Molinaro 0-0: Ball
1-0: Grounds into double play, 1-4-3 (Groundball, 15S, EV 65.0 MPH)
Bottom of the 1st over - 0 runs, 1 hit, 0 errors, 0 left on base; University of Conneticut 0 - University of Minnesota 0
TOP OF THE 2ND
University of Conneticut Huskies batting - Pitching for University of Minnesota Golden Gophers : RHP Danny Colon
Batting: RHB Jai De san miguel 0-0: Ball
1-0: Ball
2-0: Swinging Strike
2-1: Foul Ball, location: 2F
2-2: Strikes out looking
Batting: RHB Charlie Slayback 0-0: Foul Ball, location: 2F
0-1: Called Strike
0-2: Ball
1-2: Strikes out swinging
Batting: RHB Lee Wilbur 0-0: Swinging Strike
0-1: Called Strike
0-2: Foul Ball, location: 2F
0-2: Ball
1-2: SINGLE (Flyball, 78S, EV 95.0 MPH)
Batting: LHB Matt Reed 0-0: Ball
1-0: Fly out, F8 (Flyball, 8LM, EV 85.6 MPH)
Top of the 2nd over - 0 runs, 1 hit, 0 errors, 1 left on base; University of Conneticut 0 - University of Minnesota 0
BOTTOM OF THE 2ND
University of Minnesota Golden Gophers batting - Pitching for University of Conneticut Huskies : RHP Dave Cobos
Batting: RHB Jason Mooris 0-0: Ball
1-0: Ball
2-0: Called Strike
2-1: Foul Ball, location: 2F
2-2: Ground out 6-3 (Groundball, 6, EV 110.0 MPH)
Batting: LHB Jose Moncada 0-0: TRIPLE (Flyball, 89XD, EV 103.1 MPH)
Batting: RHB Ron Gooch 0-0: Swinging Strike
0-1: SINGLE (Flyball, 4MD, EV 85.6 MPH)
Jose Moncada scores
Batting: SHB Chris Rodgers 0-0: Called Strike
0-1: Ball
1-1: Called Strike
1-2: Ball
2-2: Foul Ball, location: 2F
2-2: Foul Ball, location: 2F
2-2: Foul Ball, location: 2F
2-2: Foul Ball, location: 2F
2-2: Strikes out swinging
Batting: RHB Roy Evenden 0-0: Ground out 1-3 (Groundball, 15S, EV 76.9 MPH)
Bottom of the 2nd over - 1 run, 2 hits, 0 errors, 1 left on base; University of Conneticut 0 - University of Minnesota 1
TOP OF THE 3RD
University of Conneticut Huskies batting - Pitching for University of Minnesota Golden Gophers : RHP Danny Colon
Batting: RHB Dave Cobos 0-0: Foul Ball, location: 2F
0-1: Swinging Strike
0-2: Ball
1-2: Strikes out swinging
Batting: LHB Bertil Ivens 0-0: Called Strike
0-1: Called Strike
0-2: Ball
1-2: Ball
2-2: Strikes out swinging
Batting: RHB Jordan Nicholas 0-0: Called Strike
0-1: Reached on error, E3 (Groundball, 34, EV 101.9 MPH)
Batting: RHB Victor Ramos 0-0: Called Strike
Jordan Nicholas steals 2nd base
0-1: Foul Ball, location: 2F
0-2: Ball
1-2: Ball
2-2: Strikes out swinging
Top of the 3rd over - 0 runs, 0 hits, 1 error, 1 left on base; University of Conneticut 0 - University of Minnesota 1
BOTTOM OF THE 3RD
University of Minnesota Golden Gophers batting - Pitching for University of Conneticut Huskies : RHP Dave Cobos
Batting: LHB Phil Bonner 0-0: Ground out 4-3 (Groundball, 4, EV 86.9 MPH)
Batting: LHB Bobby Agterberg 0-0: TRIPLE (Flyball, 89XD, EV 93.1 MPH)
Batting: RHB Jian-zhang Zhào 0-0: Ball
1-0: DOUBLE (Line Drive, 89D, EV 102.5 MPH)
Bobby Agterberg scores
Batting: RHB Tommy Molinaro 0-0: Called Strike
0-1: Ball
1-1: Foul Ball, location: 2F
1-2: SINGLE (Line Drive, 4MD, EV 102.5 MPH)
Jian-zhang Zhào to third
Batting: RHB Jason Mooris 0-0: Ball
1-0: Ball
2-0: SINGLE (Groundball, 4MD, EV 99.4 MPH)
Jian-zhang Zhào scores
Tommy Molinaro to second
Batting: LHB Jose Moncada 0-0: Foul Ball, location: 2F
0-1: Swinging Strike
0-2: Ball
1-2: Fly out, F9 (Flyball, 9LS, EV 78.8 MPH)
Batting: RHB Ron Gooch 0-0: Called Strike
0-1: Swinging Strike
0-2: Strikes out swinging
Bottom of the 3rd over - 2 runs, 4 hits, 0 errors, 2 left on base; University of Conneticut 0 - University of Minnesota 3
TOP OF THE 4TH
University of Conneticut Huskies batting - Pitching for University of Minnesota Golden Gophers : RHP Danny Colon
Batting: RHB Phil Hilton 0-0: Reached on error, E4 (Groundball, 4, EV 89.4 MPH)
Batting: RHB Jai De san miguel 0-0: Ball
1-0: Swinging Strike
1-1: Ball
2-1: Swinging Strike
2-2: Strikes out looking
Batting: RHB Charlie Slayback 0-0: Ball
1-0: Ground out 6-3 (Groundball, 6, EV 90.6 MPH)
Batting: RHB Lee Wilbur 0-0: Ball
1-0: Ground out 6-3 (Groundball, 6, EV 85.6 MPH)
Top of the 4th over - 0 runs, 0 hits, 1 error, 1 left on base; University of Conneticut 0 - University of Minnesota 3
BOTTOM OF THE 4TH
University of Minnesota Golden Gophers batting - Pitching for University of Conneticut Huskies : RHP Dave Cobos
Batting: SHB Chris Rodgers 0-0: Ball
1-0: Called Strike
1-1: Swinging Strike
1-2: Ball
2-2: Ball
3-2: Strikes out swinging
Batting: RHB Roy Evenden 0-0: Swinging Strike
0-1: SINGLE (Flyball, 89S, EV 92.5 MPH)
Batting: LHB Phil Bonner 0-0: Ball
Roy Evenden is caught stealing 2nd base 2-6
1-0: Fly out, F5 (Popup, 25F, EV 84.4 MPH)
Bottom of the 4th over - 0 runs, 1 hit, 0 errors, 0 left on base; University of Conneticut 0 - University of Minnesota 3
TOP OF THE 5TH
University of Conneticut Huskies batting - Pitching for University of Minnesota Golden Gophers : RHP Danny Colon
Batting: LHB Matt Reed 0-0: Ball
1-0: Foul Ball, location: 2F
1-1: Ball
2-1: Ball
3-1: Base on Balls
Batting: RHB Dave Cobos 0-0: Fly out, F7 (Flyball, 7S, EV 85.0 MPH)
Batting: LHB Bertil Ivens 0-0: Called Strike
Matt Reed is caught stealing 2nd base 2-6
0-1: Ball
1-1: Foul Ball, location: 2F
1-2: Strikes out swinging
Top of the 5th over - 0 runs, 0 hits, 0 errors, 0 left on base; University of Conneticut 0 - University of Minnesota 3
BOTTOM OF THE 5TH
University of Minnesota Golden Gophers batting - Pitching for University of Conneticut Huskies : RHP Dave Cobos
Batting: LHB Bobby Agterberg 0-0: Ball
1-0: Ball
2-0: Ground out 5-3 (Groundball, 5S, EV 83.1 MPH)
Batting: RHB Jian-zhang Zhào 0-0: Foul Ball, location: 2F
0-1: DOUBLE (Line Drive, 78D, EV 100.6 MPH)
Batting: RHB Tommy Molinaro 0-0: Ball
1-0: SINGLE (Groundball, 56D, EV 105.6 MPH)
Jian-zhang Zhào to third
Runner from 3rd tries for Home, SAFE, throw by LF to home
Batting: RHB Jason Mooris 0-0: Ball
1-0: Called Strike
1-1: Ground out 5-3 (Groundball, 56S, EV 71.2 MPH)
Tommy Molinaro to second
Batting: LHB Jose Moncada 0-0: Ball
1-0: Called Strike
1-1: Called Strike
1-2: Ball
2-2: Foul Ball, location: 2F
2-2: Ball
3-2: Strikes out swinging
Bottom of the 5th over - 1 run, 2 hits, 0 errors, 1 left on base; University of Conneticut 0 - University of Minnesota 4
TOP OF THE 6TH
University of Conneticut Huskies batting - Pitching for University of Minnesota Golden Gophers : RHP Danny Colon
Batting: RHB Jordan Nicholas 0-0: Ball
1-0: Swinging Strike
1-1: Ball
2-1: SINGLE (Groundball, 4MD, EV 110.6 MPH)
Batting: RHB Victor Ramos 0-0: Called Strike
Jordan Nicholas is caught stealing 2nd base 2-4
0-1: Foul Ball, location: 2F
0-2: Strikes out swinging
Batting: RHB Phil Hilton 0-0: Called Strike
0-1: Foul Ball, location: 2F
0-2: Strikes out swinging
Top of the 6th over - 0 runs, 1 hit, 0 errors, 0 left on base; University of Conneticut 0 - University of Minnesota 4
BOTTOM OF THE 6TH
University of Minnesota Golden Gophers batting - Pitching for University of Conneticut Huskies : RHP Dave Cobos
Batting: RHB Ron Gooch 0-0: Foul Ball, location: 2F
0-1: Ball
1-1: Ground out 4-3 (Groundball, 4, EV 108.1 MPH)
Batting: SHB Chris Rodgers 0-0: Ball
1-0: Ground out 4-3 (Groundball, 4, EV 85.0 MPH)
Batting: RHB Roy Evenden 0-0: Ball
1-0: Called Strike
1-1: Ball
2-1: Swinging Strike
2-2: Strikes out swinging
Bottom of the 6th over - 0 runs, 0 hits, 0 errors, 0 left on base; University of Conneticut 0 - University of Minnesota 4
TOP OF THE 7TH
University of Conneticut Huskies batting - Pitching for University of Minnesota Golden Gophers : RHP Danny Colon
Pitching: LHP Hidehiro Kanno
Batting: RHB Jai De san miguel 0-0: SINGLE (Line Drive, 8RS, EV 105.0 MPH)
Batting: RHB Charlie Slayback 0-0: Swinging Strike
0-1: Ball
1-1: Foul Ball, location: 2F
1-2: Strikes out swinging
Batting: RHB Lee Wilbur 0-0: Ball
1-0: Foul Ball, location: 2F
1-1: Ball
2-1: Foul Ball, location: 2F
2-2: Strikes out swinging
Batting: LHB Matt Reed Pickoff Throw to First - Out! 1-3 CS
Top of the 7th over - 0 runs, 1 hit, 0 errors, 0 left on base; University of Conneticut 0 - University of Minnesota 4
BOTTOM OF THE 7TH
University of Minnesota Golden Gophers batting - Pitching for University of Conneticut Huskies : RHP Dave Cobos
Pitching: RHP Hugo Chavez
Batting: LHB Phil Bonner 0-0: SINGLE (Line Drive, 4MD, EV 99.4 MPH)
Batting: LHB Bobby Agterberg 0-0: Bunt missed!
0-1: Sac Bunt to 15S - play at first, batter OUT! 1-3
Phil Bonner to second
Batting: RHB Jian-zhang Zhào 0-0: Fly out, F8 (Line Drive, 8LM, EV 99.4 MPH)
Batting: RHB Tommy Molinaro 0-0: Called Strike
0-1: SINGLE (Groundball, 13S, EV 73.1 MPH) (infield hit)
Phil Bonner to third
Batting: RHB Jason Mooris 0-0: Called Strike
0-1: Ball
1-1: Ball
2-1: Ball
Wild Pitch!
Phil Bonner scores
Tommy Molinaro to second
3-1: Foul Ball, location: 2F
3-2: Foul Ball, location: 2F
3-2: Ground out 5-3 (Groundball, 5, EV 78.1 MPH)
Bottom of the 7th over - 1 run, 2 hits, 0 errors, 1 left on base; University of Conneticut 0 - University of Minnesota 5
TOP OF THE 8TH
University of Conneticut Huskies batting - Pitching for University of Minnesota Golden Gophers : LHP Hidehiro Kanno
Pinch Hitting: LHB Greg James 0-0: Ball
1-0: Ball
2-0: Foul Ball, location: 2F
2-1: Ball
3-1: SOLO HOME RUN (Flyball, 78XD, EV 105.6 MPH), Distance : 408 ft
Batting: RHB Dave Cobos 0-0: Called Strike
0-1: Foul Ball, location: 2F
0-2: Ball
1-2: Strikes out swinging
Batting: LHB Bertil Ivens 0-0: Called Strike
0-1: Swinging Strike
0-2: Ball
1-2: Ball
2-2: Strikes out swinging
Batting: RHB Jordan Nicholas 0-0: Ball
1-0: Ball
2-0: SINGLE (Line Drive, 4D, EV 100.6 MPH)
Batting: RHB Victor Ramos 0-0: Ball
1-0: Fielders Choice at 2nd, 5-4 (Groundball, 56, EV 106.9 MPH)
Top of the 8th over - 1 run, 2 hits, 0 errors, 1 left on base; University of Conneticut 1 - University of Minnesota 5
BOTTOM OF THE 8TH
University of Minnesota Golden Gophers batting - Pitching for University of Conneticut Huskies : RHP Hugo Chavez
Now in RF: Greg James
Batting: LHB Jose Moncada 0-0: Ground out 5-3 (Groundball, 56, EV 108.8 MPH)
Batting: RHB Ron Gooch 0-0: Called Strike
0-1: Ball
1-1: Foul Ball, location: 2F
1-2: Reached on error, E5 (Groundball, 56S, EV 85.0 MPH)
Batting: SHB Chris Rodgers 0-0: Called Strike
0-1: Ball
1-1: Ball
2-1: Called Strike
2-2: Strikes out swinging
Batting: RHB Roy Evenden 0-0: Called Strike
0-1: Fly out, F6 (Popup, 6D, EV 63.1 MPH)
Bottom of the 8th over - 0 runs, 0 hits, 1 error, 1 left on base; University of Conneticut 1 - University of Minnesota 5
TOP OF THE 9TH
University of Conneticut Huskies batting - Pitching for University of Minnesota Golden Gophers : LHP Hidehiro Kanno
Pitching: RHP Bobby Rodriguez
Batting: RHB Phil Hilton 0-0: Ball
1-0: Ball
2-0: Ball
3-0: Called Strike
3-1: Fly out, F6 (Line Drive, 6M, EV 70.0 MPH)
Batting: RHB Jai De san miguel 0-0: Ball
1-0: Called Strike
1-1: Foul Ball, location: 2F
1-2: Foul Ball, location: 2F
1-2: Foul Ball, location: 2F
1-2: Ball
2-2: Foul Ball, location: 2F
2-2: Foul Ball, location: 2F
2-2: Foul Ball, location: 2F
2-2: Ball
3-2: Base on Balls
Batting: RHB Charlie Slayback 0-0: Called Strike
0-1: Ball
1-1: Swinging Strike
1-2: Strikes out swinging
Pinch Hitting: LHB Jonathan Sica 0-0: Ball
1-0: Foul Ball, location: 2F
1-1: Foul Ball, location: 2F
1-2: Strikes out swinging
Top of the 9th over - 0 runs, 0 hits, 0 errors, 1 left on base; University of Conneticut 1 - University of Minnesota 5
Sunday, July 16th , 2023 - OOTP Baseball 24.6 Build 69